 Dungeon Crawl Stone Soup version 0.29.0-4-gdea44cf6ec (webtiles) character file.

Game seed: 12557172187703515389

58 qw the Chopper (level 4, -8/26 HPs)
             Began as a Tengu Warper on Aug 28, 2022.
             Mangled by an ice beast (14 damage)
             ... on level 3 of the Dungeon.
             The game lasted 00:00:08 (1938 turns).

qw the Chopper (Tengu Warper)                       Turns: 1938, Time: 00:00:08

Health: -8/26      AC: 11    Str: 14    XL:     4   Next: 2%
Magic:  8/8        EV:  4    Int: 13    God:
Gold:   88         SH:  0    Dex: 13    Spells: 7/7 levels left

rFire   . . .      SeeInvis .   Y - +0 hand axe
rCold   . . .      Faith    .   (no shield)
rNeg    . . .      Spirit   .   h - +0 plate armour
rPois   .          Reflect  .   (helmet restricted)
rElec   .          Harm     .   (no cloak)
rCorr   .          Rampage  .   (no gloves)
Will    .....                   (boots unavailable)
Stlth   ..........              (no amulet)
HPRegen 0.08/turn               (no ring)
MPRegen 0.11/turn               (no ring)

@: no status effects
A: beak, talons 3
a: no special abilities


You were on level 3 of the Dungeon.
You visited 1 branch of the dungeon, and saw 3 of its levels.

You collected 88 gold pieces.


Innate Abilities, Weirdness & Mutations

You have a beak for a mouth.
You have claws for feet.


   Skills:
 - Level 2.0 Fighting
 + Level 4.1 Axes
 - Level 1.0 Throwing
 - Level 2.2 Armour
 - Level 2.1 Dodging
 - Level 2.0 Spellcasting
 - Level 2.4 Translocations


You had 7 spell levels left.
You didn't know any spells.
Your spell library contained the following spells:

 Spells                   Type           Power      Damage    Failure   Level
 Blink                    Tloc           14%        N/A       100%        2
 Gell's Gravitas          Tloc           7%         N/A       100%        3
 Lesser Beckoning         Tloc           7%         N/A       100%        3
 Teleport Other           Tloc           7%         N/A       100%        3
 Manifold Assault         Tloc           7%         N/A       100%        5

Inventory:

Hand Weapons
 f - a +0 mace
 Y - a +0 hand axe (weapon)
Missiles
 g - 2 javelins (quivered)
Armour
 h - a +0 plate armour (worn)
Scrolls
 d - a scroll of teleportation
Potions
 a - a potion of mutation {unknown}
 b - a potion of lignification {unknown}
 c - a potion of degeneration {unknown}
 e - a potion of curing
 i - a potion of haste {unknown}

Dungeon Overview and Level Annotations

Branches:
Dungeon (3/15)

Altars:
Ashenzari

Shops:
D:1 =


Message History

HP restored.
You see here a ball python corpse.
d - a scroll of teleportation You see here a ball python corpse.
There is an open door here.
Things that are here:
a +0 short sword; a kobold corpse
There is a stone staircase leading up here.
An ice beast comes into view.
Enter note: Throw: 3 javelins
Press: ? - help, Q - select action Shift-Dir - straight line, f - ice beast You throw a javelin.
The javelin pierces through the ice beast but does no damage.
You hit the ice beast.
You claw the ice beast, but do no damage.
The ice beast is lightly wounded.
The ice beast hits you but does no damage.
You hit the ice beast.
The ice beast is lightly wounded.
The ice beast hits you but does no damage.
You hit the ice beast.
You claw the ice beast, but do no damage.
The ice beast is moderately wounded.
The ice beast hits you but does no damage.
You hit the ice beast but do no damage.
The ice beast is moderately wounded.
The ice beast hits you but does no damage.
You hit the ice beast.
The ice beast is moderately wounded.
The ice beast hits you. The ice beast freezes you!
Ouch! That really hurt!
You hit the ice beast.
The ice beast is heavily wounded.
The ice beast hits you but does no damage.
You hit the ice beast. You claw the ice beast. You peck the ice beast.
The ice beast is almost dead.
The ice beast hits you. The ice beast freezes you!
Ouch! That really hurt!
You die...

########
#.@....#
#Y####.#
#. #.#
#. #.#
#( #.#
#. #.#
.. #.#
## #.#
#.#


You could see an ice beast.

Vanquished Creatures
  3 adders
  A worm (D:2)
  A dart slug (D:2)
  2 bats (D:2)
  4 endoplasms
  3 giant cockroaches
  2 hobgoblins
  A quokka (D:1)
  3 ball pythons
  2 frilled lizards
  A kobold (D:3)
  5 rats
28 creatures vanquished.

Notes
Turn   | Place    | Note
-------+----------+-------------------------------------------
     0 | D:1      | qw the Tengu Warper began the quest for the Orb.
     0 | D:1      | Reached XP level 1. HP: 12/12 MP: 4/4
     0 | D:1      | 0 ||| qw: Version: 0.1-a-89-g26bdef1
     0 | D:1      | 0 ||| qw: Game counter: 667
     0 | D:1      | 0 ||| qw: Always use a shield: true
     0 | D:1      | 0 ||| qw: God list: Okawaru
     0 | D:1      | 0 ||| qw: Allow faded altars: false
     0 | D:1      | 0 ||| qw: Do Orc after D:15 true
     0 | D:1      | 0 ||| qw: Do second Lair branch before Depths: true
     0 | D:1      | 0 ||| qw: Lair rune preference: random
     0 | D:1      | 0 ||| qw: Plans: Normal
     0 | D:1      | 0 ||| PLANNING D:1-11
    68 | D:1      | Found Ohisiet's Jewellery Shop.
    82 | D:1      | 82 ||| SHOPLISTING +4 ring of evasion (504 gold, have 29).
    82 | D:1      | 82 ||| SHOPLISTING +6 ring of strength (504 gold, have 29).
    82 | D:1      | 82 ||| SHOPLISTING amulet of guardian spirit (420 gold,
                  | have 29).
    82 | D:1      | 82 ||| SHOPLISTING amulet of the acrobat (420 gold, have
                  | 29).
    82 | D:1      | 82 ||| SHOPLISTING ring of fire (350 gold, have 29).
    82 | D:1      | 82 ||| SHOPLISTING ring of protection from fire (350 gold,
                  | have 29).
    82 | D:1      | 82 ||| SHOPLISTING ring of see invisible (210 gold, have
                  | 29).
   133 | D:1      | Found a broken altar of Ashenzari.
   148 | D:1      | 148 ||| Stepping ~*~*~tactically~*~*~ (stealth).
   329 | D:1      | Found a faded altar of an unknown god.
   605 | D:1      | Reached XP level 2. HP: 17/17 MP: 6/6
   633 | D:1      | Reached skill level 3 in Axes
   757 | D:1      | 757 ||| UPGRADING to +0 plate armour.
   767 | D:1      | 767 ||| DROPPING +0 leather armour.
   768 | D:1      | 768 ||| READING scroll labelled CUFARPH FYSEUF.
   769 | D:1      | 769 ||| DROPPING scroll of blinking.
  1050 | D:2      | Reached XP level 3. HP: 17/21 MP: 7/7
  1132 | D:2      | Reached skill level 4 in Axes
  1729 | D:2      | 1729 ||| READING scroll labelled DYSEPUXKEKYO.
  1730 | D:2      | 1730 ||| READING scroll labelled MEUFRI JUOKEI.
  1734 | D:2      | 1734 ||| DRINKING 2 puce potions.
  1856 | D:3      | Reached XP level 4. HP: 25/26 MP: 8/8
  1929 | D:3      | Noticed an ice beast
  1938 | D:3      | HP: 6/26 [ice beast (2)]
  1938 | D:3      | Mangled by an ice beast

Levels and vault maps discovered:
D:1:      zelgadis_glass_arrival_small, layout_loops_ring,
          hellmonk_ecumenical_altar_zigzags, serial_shops, shop,
          minmay_door_square, grunt_decor_one_mirror, minmay_hexomino_r4
D:2:      layout_basic, minmay_box_of_dots
D:3:      minmay_wonky_spiral, layout_loops_ring, uniq_natasha

Skill      XL: |  1  2  3 |
---------------+----------+-----
Axes           | 3 4 |  4.1
Armour         | 2 |  2.2
Fighting       | |  2.0
Throwing       | |  1.0
Dodging        | |  2.1
Spellcasting   | |  2.0
Translocations | |  2.4

Action                   |  1- 3 |  4- 6 || total
-------------------------+-------+-------++-------
Melee: Hand axe          |    70 |     7 ||    77
       Kick              |    19 |     3 ||    22
       Peck              |     9 |     1 ||    10
Throw: Boomerang         |     7 |       ||     7
       Javelin           |     1 |     1 ||     2
  Use: Scroll            |     3 |       ||     3
       Potion            |     1 |       ||     1
Armor: Leather armour    |     1 |       ||     1
       Plate armour      |    38 |     5 ||    43
Dodge: Dodged            |    18 |       ||    18

Table legend:
 A = Non-vault XP
 B = Vault XP
 C = Vault XP percentage of total XP
 D = Non-vault monster count
 E = Vault monster count
 F = Vault count percentage of total count
                 A         B        C        D         E       F
            +---------+---------+-------+---------+---------+-------
      Total |      55 |      29 |  34.5 |      16 |      12 |  42.9
            +---------+---------+-------+---------+---------+-------
        D:1 |      10 |       4 |  28.6 |       6 |       3 |  33.3
        D:2 |      44 |       7 |  13.7 |       9 |       5 |  35.7
        D:3 |       1 |      18 |  94.7 |       1 |       4 |  80.0
            +---------+---------+-------+---------+---------+-------
